 Dungeon Crawl Stone Soup version 0.29.0 (webtiles) character file.

Game seed: 13063180346575718418

445 DemonSlayer the Firebug (level 6, 0/43 HPs)
             Began as a Demonspawn Fire Elementalist on Aug 24, 2022.
             Succumbed to Ijyb's poison
             ... on level 5 of the Dungeon.
             The game lasted 00:12:06 (4623 turns).

DemonSlayer the Firebug (DsFE)                      Turns: 4623, Time: 00:12:06

Health: 0/43       AC:  5    Str:  9    XL:     6   Next: 72%
Magic:  12/12      EV: 12    Int: 18    God:
Gold:   183        SH:  4    Dex: 13    Spells: 3/13 levels left

rFire   . . .      SeeInvis .   f - +0 hand axe
rCold   . . .      Faith    .   (no shield)
rNeg    . . .      Spirit   .   a - +0 robe
rPois   .          Reflect  .   e - +0 helmet
rElec   .          Harm     .   (no cloak)
rCorr   .          Rampage  .   (no gloves)
Will    .....                   g - +0 pair of boots
Stlth   ++........              (no amulet)
HPRegen 0.14/turn               (no ring)
MPRegen 0.13/turn               (no ring)

@: lethally poisoned (0 -> -25), attractive
A: sharp scales 1, condensation shield, weakness stinger 1
a: no special abilities


You were on level 5 of the Dungeon.
You visited 1 branch of the dungeon, and saw 5 of its levels.

You collected 183 gold pieces.

Inventory:

Hand Weapons
 f - a +0 hand axe (weapon)
Missiles
 d - 2 curare-tipped darts
Armour
 a - a +0 robe (worn)
 e - a +0 helmet (worn)
 g - a +0 pair of boots (worn)
Scrolls
 c - 2 scrolls of identify {unknown}
 i - 5 scrolls of teleportation
 k - a scroll of vulnerability {unknown}
 l - a scroll of noise {unknown}
 n - a scroll of enchant armour {unknown}
 p - 3 scrolls of poison {unknown}
 q - a scroll of blinking {unknown}
Potions
 b - a potion of magic
 h - a potion of cancellation {unknown}
 j - a potion of attraction


   Skills:
 + Level 1.0 Fighting
 + Level 1.1 Axes
 + Level 2.3 Dodging
 + Level 2.7 Stealth
 + Level 4.1 Spellcasting
 + Level 1.8 Conjurations
 + Level 4.6 Fire Magic


You had 3 spell levels left.
You knew the following spells:

 Your Spells              Type           Power      Damage    Failure   Level
a - Foxfire               Conj/Fire      60%        2x1d7     3%          1
b - Scorch                Fire           40%        2d7       3%          2
c - Conjure Flame         Conj/Fire      15%        6-21      12%         3
d - Flame Wave            Conj/Fire      15%        2d7       36%         4

Your spell library contained the following spells:

 Spells                   Type           Power      Damage    Failure   Level
 Apportation              Tloc           6%         N/A       14%         1
 Necrotise                Necr           12%        1d4       14%         1
 Summon Small Mammal      Summ           12%        N/A       14%         1
 Inner Flame              Hex/Fire       12%        N/A       17%         3
 Dispersal                Tloc           1%         N/A       100%        6
 Disjunction              Tloc           1%         N/A       100%        8


Dungeon Overview and Level Annotations

Branches:
Dungeon (5/15)
 Temple: D:4-7

Altars:
Sif Muna
Yredelemnul

Shops:
D:1 (

Annotations:
D:5 Ijyb


Innate Abilities, Weirdness & Mutations

You are partially covered in razor-sharp scales. (AC +1, Slay +1)
A meltable shield of frost defends you. (SH +4)
You have a small tail.


Message History

It was a potion of attraction.
You feel attractive to monsters.
It was a potion of heal wounds.
You feel much better. Magic courses through your body.
Ijyb completely misses you.
Flames lash Ijyb.
Ijyb resists.
Ijyb is moderately wounded.
Ijyb's fire resistance burns away.
Ijyb zaps a wand.
Your mind is blasted!
Flames lash Ijyb but do no damage.
Ijyb barely misses you.
Flames lash Ijyb but do no damage.
Ijyb barely misses you.
Flames lash Ijyb.
Ijyb is heavily wounded.
Ijyb misses you.
Flames lash Ijyb.
Ijyb is severely wounded.
Ijyb hits you with a +3 dagger of venom.
You are poisoned.
Flames lash Ijyb but do no damage.
You feel sick.
Ijyb hits you with a +3 dagger of venom.
You are more poisoned.
You are too injured to fight recklessly!
Magic courses through your body.
You feel very sick. Ijyb hits you but does no damage.
You are lethally poisoned!
You closely miss Ijyb.
Ijyb is severely wounded.
* * * LOW HITPOINT WARNING * * *
You feel very sick.
Ijyb hits you with a +3 dagger of venom.
* * * LOW HITPOINT WARNING * * *
You are more poisoned.
Ijyb barely misses you.
As you read the scroll labelled RITITA VUS, it crumbles to dust.
It is a scroll of amnesia.
Forget Foxfire, freeing 1 spell level for a total of 4?
Really abort (and waste the scroll)? [Y]es or [N]o only, please.
Really abort (and waste the scroll)?
Okay, then.
You die...

... .# .#.##.#
...#.# #..#.#
#..#.# #..#.#
#.########..#.#
#.....<...g...#
###.#######@###
#.# #.# #.# #.#
#.# #.# #.# #.#


You could see Ijyb (combustible).

Vanquished Creatures
  Sigmund (D:4)
  A phantom (D:5)
  Blork the orc (D:4)
  An iguana (D:4)
  3 adders
  An adder zombie (D:4)
  An adder skeleton (D:4)
  2 worms
  6 ball pythons
  8 bats
  2 endoplasms
  4 giant cockroaches
  5 goblins
  4 hobgoblins
  4 jackals (D:2)
  5 quokkas
  6 frilled lizards
  8 kobolds
  8 rats
71 creatures vanquished.

Vanquished Creatures (others)
  167 foxfires
  4 plants (D:3)
171 creatures vanquished.

Grand Total: 242 creatures vanquished

Notes
Turn   | Place    | Note
-------+----------+-------------------------------------------
     0 | D:1      | DemonSlayer the Demonspawn Fire Elementalist began the
                  | quest for the Orb.
     0 | D:1      | Reached XP level 1. HP: 13/13 MP: 3/3
    17 | D:1      | Found Gitragib's Weapon Shop.
   321 | D:1      | Gained mutation: You are partially covered in razor-sharp
                  | scales. (AC +1, Slay +1) [demonic ancestry]
   321 | D:1      | Reached XP level 2. HP: 15/19 MP: 3/5
   324 | D:1      | Learned a level 2 spell: Scorch
   732 | D:1      | Found a faded altar of an unknown god.
  1487 | D:2      | Gained mutation: You have a small tail. [demonic ancestry]
  1487 | D:2      | Reached XP level 3. HP: 24/24 MP: 1/6
  1638 | D:2      | Found a basalt altar of Yredelemnul.
  2562 | D:2      | Learned a level 3 spell: Conjure Flame
  3118 | D:3      | Found a shimmering blue altar of Sif Muna.
  3154 | D:3      | Identified the +1 bardiche of Eternal Harmony {freeze,
                  | rPois Str-2 Dex-4 Stlth+}
  3355 | D:3      | Reached XP level 4. HP: 28/30 MP: 4/7
  4220 | D:4      | Noticed Sigmund
  4228 | D:4      | Killed Sigmund
  4229 | D:4      | Reached skill level 1 in Fighting
  4229 | D:4      | Reached XP level 5. HP: 33/37 MP: 0/10
  4229 | D:4      | Gained mutation: A meltable shield of frost defends you.
                  | (SH +4) [demonic ancestry]
  4229 | D:4      | Reached XP level 6. HP: 39/43 MP: 0/11
  4399 | D:4      | Noticed Blork the orc
  4403 | D:4      | Learned a level 4 spell: Flame Wave
  4408 | D:4      | Killed Blork the orc
  4409 | D:4      | Reached skill level 1 in Axes
  4602 | D:5      | Entered Level 5 of the Dungeon
  4607 | D:5      | Noticed Ijyb
  4623 | D:5      | Succumbed to Ijyb's poison

Illustrated notes

Levels and vault maps discovered:
D:1:      lemuel_arrival_behind_the_door_large, layout_loops_ring, serial_shops,
          nicolae_shop_bloodbath_and_beyond, ebering_ecumenical_altar_abandoned
D:2:      minmay_chambers_of_ones, layout_rooms, basic_altar
D:3:      layout_basic, good_gods_mini_temple, mainiacjoe_overflow_24_doors,
          corexii_corridor_pit, nrook_campfire
D:4:      layout_loops_corners, serial_undead, serial_undead_a, serial_undead_c,
          serial_undead_c, serial_undead_f, hangedman_decor_clover_reticule,
          uniq_sigmund, uniq_blork_the_orc, uniq_duvessa
D:5:      layout_loops_ring, ebering_ghost_gozag, amcnicky_mini_pool_small,
          uniq_ijyb

Skill      XL: |  1  2  3  4  5  6 |
---------------+-------------------+-----
Fire Magic     | 3 4 |  4.6
Dodging        | 2 |  2.3
Stealth        | 2 |  2.7
Fighting       | 1 |  1.0
Spellcasting   | 3 4 |  4.1
Axes           | 1 |  1.1
Conjurations   | |  1.8

Action                   |  1- 3 |  4- 6 || total
-------------------------+-------+-------++-------
Melee: Hand axe          |    67 |    13 ||    80
       Tailslap          |     7 |       ||     7
       Punch             |       |     1 ||     1
 Cast: Foxfire           |   106 |       ||   106
       Scorch            |     6 |    39 ||    45
  Use: Scroll            |       |     2 ||     2
       Potion            |       |     4 ||     4
 Stab: Sleeping          |     2 |     1 ||     3
Armor: Robe              |    27 |     7 ||    34
Dodge: Dodged            |    67 |    30 ||    97
Block: Other             |       |     5 ||     5
